 Dungeon Sprint DCSS version 0.18-b1-20-g17449fe (webtiles) character file.

893 LORDOFBUTT the Cleaver (level 7, -4/78 HPs)
             Began as a Minotaur Berserker on May 3, 2016.
             Was a High Priest of Trog.
             Slain by an unseen horror (8 damage)
             ... in the Dungeon (Sprint IX: "|||||||||||||||||||||||||||||").
             The game lasted 00:01:09 (429 turns).

LORDOFBUTT the Cleaver (Minotaur Berserker)          Turns: 429, Time: 00:01:10

Health: -4/78      AC: 10    Str: 22    XL:     7   Next: 78%
Magic:  6/6        EV: 15    Int:  4    God:    Trog [*****.]
Gold:   0          SH:  0    Dex: 11    Spells: 0 memorised, 6 levels left

rFire  . . .     SeeInvis .     b - +3 war axe (chop)
rCold  . . .     Gourm    .     p - +1 scale mail
rNeg   . . .     Faith    .     (no shield)
rPois  .         Spirit   .     (helmet restricted)
rElec  .         Dismiss  .     (no cloak)
rCorr  .         Reflect  .     (no gloves)
SustAt .         Harm     .     o - +0 pair of boots
MR     .....     NoTele   +     (no amulet)
Stlth  ..........               (no ring)
                                n - +2 ring of evasion

@: exhausted, slowed, very slow, not resistant to hostile enchantments,
extremely unstealthy
A: retaliatory headbutt, horns 2
a: Berserk, Trog's Hand, Brothers in Arms, Burn Spellbooks, Renounce Religion


You were in the Dungeon.
You worshipped Trog.
Trog was extremely pleased with you.
You were not hungry.

You visited 1 branch

Inventory:

Hand Weapons
 b - a +3 war axe of chopping (weapon)
Armour
 o - a +0 pair of boots (worn)
 p - a +1 scale mail (worn)
Jewellery
 n - a +2 ring of evasion (left hand)
Wands
 m - a wand of acid (7/15)
Scrolls
 i - 2 scrolls of blinking
 l - 3 scrolls of remove curse
Potions
 d - 5 potions of curing
 e - 2 potions of heal wounds
 f - a potion of haste
 g - 4 potions of magic
 h - a potion of berserk rage
 k - a potion of invisibility
Comestibles
 c - a bread ration


   Skills:
 + Level 12.3 Fighting
 + Level 12.9 Axes
 + Level 7.0 Armour
 + Level 7.6 Dodging


You had 6 spell levels left.
You didn't know any spells.

Dungeon Overview and Level Annotations

Branches:
Dungeon (1/1)

Altars:
Cheibriados
Dithmenos
Elyvilon
Fedhas
Gozag
Kikubaaqudgha
Makhleb
Nemelex Xobeh
Okawaru
Pakellas
Qazlal
Ru
Sif Muna
Trog
Vehumet
Xom
Yredelemnul
Zin
The Shining One
Beogh
Jiyva
Lugonu


Innate Abilities, Weirdness & Mutations

You reflexively headbutt those who attack you in melee.
You have a pair of horns on your head.


Message History

You headbutt the sky beast!
You kill the sky beast!
Trog accepts your kill.
Your Armour skill increases to level 7!
You are standing in the rain.
Something hits you!
* * * LOW HITPOINT WARNING * * *
Deactivating autopickup; reactivate with Ctrl-A.
You start resting.
You feel a strong urge to attack something.
You are standing in the rain.
You are no longer berserk.
You are exhausted.
You feel yourself slow down. Something hits you but does no damage.
The rain has left you waist-deep in water!
Splash!
You fall into the shallow water.
Moving in this stuff is going to be slow.
Your unstable footing causes you to fumble your attack.
Something hits you!
You die...

▓+▓
▓.▓
▓.▓
▓.▓
▓.▓
▓@▓
▓†▓
▓)▓
▓.▓
▓.▓
▓=▓
▓.▓
▓[▓
▓)▓


There were no monsters in sight!

Vanquished Creatures
  A hill giant (D)
  A yak (D)
  A sky beast (D)
  A necrophage (D)
  A giant frog (D)
  A worker ant (D)
  An adder (D)
  An orc (D)
  2 goblins (D)
  A bat (D)
  2 giant newts (D)
  A kobold (D)
  A rat (D)
15 creatures vanquished.

Notes
Turn   | Place    | Note
--------------------------------------------------------------
     0 | D        | LORDOFBUTT the Minotaur Berserker began the quest for the Orb.
     0 | D        | Reached XP level 1. HP: 19/19 MP: 0/0
     9 | D        | Reached ** piety under Trog
    18 | D        | Noticed a worker ant
    21 | D        | Reached *** piety under Trog
    23 | D        | Reached XP level 2. HP: 17/28 MP: 1/1
    27 | D        | Reached **** piety under Trog
    27 | D        | Reached skill level 5 in Fighting
    27 | D        | Reached skill level 5 in Axes
    27 | D        | Reached XP level 3. HP: 21/37 MP: 2/2
   311 | D        | Found a glowing silver altar of Zin.
   311 | D        | Found a glowing golden altar of the Shining One.
   311 | D        | Found an ancient bone altar of Kikubaaqudgha.
   311 | D        | Found a basalt altar of Yredelemnul.
   311 | D        | Found a shimmering altar of Xom.
   311 | D        | Found a radiant altar of Vehumet.
   312 | D        | Found an iron altar of Okawaru.
   313 | D        | Found a burning altar of Makhleb.
   314 | D        | Found a deep blue altar of Sif Muna.
   315 | D        | Found a bloodstained altar of Trog.
   316 | D        | Found a sparkling altar of Nemelex Xobeh.
   317 | D        | Found a white marble altar of Elyvilon.
   318 | D        | Found a roughly hewn altar of Beogh.
   319 | D        | Found a viscous altar of Jiyva.
   320 | D        | Found a corrupted altar of Lugonu.
   321 | D        | Found a blossoming altar of Fedhas.
   322 | D        | Found a snail-covered altar of Cheibriados.
   323 | D        | Found a shadowy altar of Dithmenos.
   324 | D        | Found a stormy altar of Qazlal.
   329 | D        | Found an opulent altar of Gozag.
   330 | D        | Found a sacrificial altar of Ru.
   331 | D        | Found an oddly glowing altar of Pakellas.
   409 | D        | Noticed a sky beast
   409 | D        | Noticed a giant frog
   409 | D        | Noticed a necrophage
   409 | D        | Noticed a yak
   409 | D        | Noticed a hill giant
   411 | D        | HP: 1/37 [hill giant/giant spiked club (36)]
   415 | D        | Killed a hill giant
   415 | D        | Reached XP level 4. HP: 10/55 MP: 3/3
   415 | D        | Reached XP level 5. HP: 11/60 MP: 4/4
   415 | D        | Reached XP level 6. HP: 13/68 MP: 5/5
   415 | D        | Reached XP level 7. HP: 14/74 MP: 6/6
   417 | D        | Killed a yak
   421 | D        | Reached ***** piety under Trog
   427 | D        | HP: 4/117 [something (7)]
   429 | D        | Slain by an unseen horror

Skill      XL: |  1  2  3  4  5  6  7 |
---------------+----------------------+-----
Fighting       | 4 5 11 12 | 12.3
Axes           | 4 5 11 12 | 12.9
Armour         | 3 6 7 |  7.0
Dodging        | 3 6 7 |  7.6

Action                   |  1- 3 |  4- 6 |  7- 9 || total
-------------------------+-------+-------+-------++-------
Melee: Hand axe          |    22 |       |       ||    22
       Headbutt          |     3 |       |     2 ||     5
       War axe           |     4 |       |    10 ||    14
Invok: Berserk           |     1 |       |       ||     1
  Use: Potion            |     1 |       |       ||     1
Armor: Animal skin       |     4 |       |       ||     4
       Scale mail        |       |       |     3 ||     3
Dodge: Dodged            |     8 |       |     3 ||    11
